 Dungeon Crawl Stone Soup version 0.23.2-40-g277498a001 (webtiles) character file.

Game seed: 10281409906754583205

25586 jedigorilla the Blocker (level 13, -9/103 HPs)
             Began as a Gnoll Fighter on Aug 16, 2019.
             Was an Elder of the Shining One.
             Mangled by a white ugly thing (28 damage)
             ... on level 14 of the Dungeon.
             The game lasted 01:20:53 (12481 turns).

jedigorilla the Blocker (Gnoll Fighter)            Turns: 12481, Time: 01:20:56

Health: -9/103     AC: 18    Str: 24    XL:     13   Next: 20%
Magic:  23/24      EV: 13    Int: 13    God:    the Shining One [****..]
Gold:   362        SH:  9    Dex: 22    Spells: 27/27 levels left

rFire    . . .     SeeInvis .   I - +8 quarterstaff "Anky" {freeze, rElec Dex+4}
rCold    . . .     Gourm    .   (shield currently unavailable)
rNeg     + + +     Faith    .   P - +0 plate armour
rPois    +         Spirit   .   s - +1 helmet
rElec    +         Reflect  .   (no cloak)
rCorr    .         Harm     .   (no gloves)
MR       .....                  (no boots)
Stlth    ..........             t - amulet of the acrobat
HPRegen  0.27/turn              y - +4 ring of dexterity
MPRegen  0.19/turn              J - ring "Weiqucs" {+Inv rN+ AC+1 Str+4}

@: divine shield, glowing
A: distributed training, fangs 1, hooves 1, clumsy 1, poison resistance, strong
nose
a: Divine Shield, Cleansing Flame, Renounce Religion, Evoke Invisibility


You were on level 14 of the Dungeon.
You worshipped the Shining One.
The Shining One was greatly pleased with you.
You were hungry.

You visited 3 branches of the dungeon, and saw 16 of its levels.
You also visited: Ossuary.

You collected 776 gold pieces.
You spent 414 gold pieces at shops.

Inventory:

Hand Weapons
 b - a +2 antimagic hand axe
 q - a +2 rapier of protection
 r - a +2 flail of holy wrath
 x - a +2 hand axe of electrocution
 I - the +8 quarterstaff "Anky" (weapon) {freeze, rElec Dex+4}
   (You found it on level 9 of the Dungeon)

   It has been specially enchanted to freeze those struck by it, causing extra
   injury to most foes and up to half again as much damage against particularly
   susceptible opponents.
   It can also slow down cold-blooded creatures.
   It affects your dexterity (+4).
   It insulates you from electricity.
 M - a +0 blowgun
 O - a +0 longbow
 Y - a +2 falchion of flaming
 Z - a +4 halberd of venom
Missiles
 m - 332 arrows
 o - 148 bolts
 w - 32 tomahawks (quivered)
 C - 4 steel tomahawks
 F - 36 poisoned needles
 T - 3 curare-tipped needles
Armour
 n - a +2 buckler
 s - a +1 helmet (worn)
 P - a +0 plate armour (worn)
 V - a +0 large shield
Magical Staves
 R - an uncursed staff of power
Jewellery
 a - an uncursed ring of ice
 t - an amulet of the acrobat (around neck)
 y - a +4 ring of dexterity (left hand)
 H - an uncursed ring of poison resistance
 J - the ring "Weiqucs" (right hand) {+Inv rN+ AC+1 Str+4}
   (You bought it in a shop on level 8 of the Dungeon)

   [ring of protection]

   It affects your AC (+1).
   It affects your strength (+4).
   It protects you from negative energy.
   It lets you turn invisible.
Wands
 A - a wand of flame (25)
 D - a wand of acid (4)
 Q - a wand of disintegration (7)
Scrolls
 g - 6 scrolls of teleportation
 h - 12 scrolls of identify
 p - 8 scrolls of remove curse
 u - 3 scrolls of amnesia
 v - 5 scrolls of fog
 N - a scroll of magic mapping
 S - 3 scrolls of blinking
 W - a scroll of immolation
 X - a scroll of enchant weapon
Potions
 d - a potion of might
 e - a potion of ambrosia
 i - 2 potions of resistance
 j - 2 potions of flight
 k - a potion of magic
 l - a potion of lignification
 z - 2 potions of agility
 B - 2 potions of curing
 U - a potion of brilliance
Miscellaneous
 G - a phantom mirror
 L - a lamp of fire (inert)
Comestibles
 f - 31 rations


   Skills:
 + Level 10.2 Fighting
 + Level 7.9 Short Blades
 + Level 7.9 Long Blades
 + Level 9.2 Axes
 + Level 7.9 Maces & Flails
 + Level 7.9 Polearms
 + Level 7.9 Staves
 + Level 7.9 Slings
 + Level 7.9 Bows
 + Level 7.9 Crossbows
 + Level 7.9 Throwing
 + Level 10.2 Armour
 + Level 7.9 Dodging
 + Level 7.9 Stealth
 + Level 10.2 Shields
 + Level 7.9 Unarmed Combat
 + Level 7.9 Spellcasting
 + Level 6.6 Conjurations
 + Level 6.6 Hexes
 + Level 6.6 Charms
 + Level 6.6 Summonings
 + Level 6.6 Necromancy
 + Level 6.6 Translocations
 + Level 6.6 Transmutations
 + Level 6.6 Fire Magic
 + Level 6.6 Ice Magic
 + Level 6.6 Air Magic
 + Level 6.6 Earth Magic
 + Level 6.6 Poison Magic
 + Level 8.7 Invocations
 + Level 7.9 Evocations


You had 27 spell levels left.
You didn't know any spells.
Your spell library contained the following spells:

 Spells                   Type           Power        Failure   Level  Hunger
 Confusing Touch          Hex            ###...       10%         1    None
 Corona                   Hex            ###....      10%         1    None
 Magic Dart               Conj           ###.         10%         1    None
 Ensorcelled Hibernation  Hex/Ice        ###...       16%         2    None
 Searing Ray              Conj           ###...       16%         2    None
 Confuse                  Hex            ###.....     30%         3    ##.....
 Dazzling Spray           Conj/Hex       ###...       30%         3    ##.....
 Gell's Gravitas          Tloc           ###.......   30%         3    ##.....
 Tukima's Dance           Hex            ###.....     30%         3    ##.....
 Force Lance              Conj/Tloc      ###.....     69%         4    ####...
 Fulminant Prism          Conj/Hex       ###.......   69%         4    ####...
 Iskenderun's Mystic Bla  Conj           ###.....     69%         4    ####...
 Petrify                  Tmut/Erth      ###.....     69%         4    ####...
 Bolt of Magma            Conj/Fire/Erth ###.......   95%         5    #####..
 Irradiate                Conj/Tmut      ###.......   95%         5    #####..
 Iskenderun's Battlesphe  Conj/Chrm      ###.....     95%         5    #####..
 Metabolic Englaciation   Hex/Ice        ###.......   95%         5    #####..
 Venom Bolt               Conj/Pois      ###.......   95%         5    #####..
 Yara's Violent Unravell  Hex/Tmut       ###.......   95%         5    #####..
 Hydra Form               Tmut           ###.......   100%        6    #######
 Iron Shot                Conj/Erth      ###.......   100%        6    #######
 Statue Form              Tmut/Erth      ###......    100%        6    #######
 Dragon Form              Tmut           ###.......   100%        7    #######
 Orb of Destruction       Conj           ###.......   100%        7    #######
 Spellforged Servitor     Conj/Summ      ###.......   100%        7    #######


Dungeon Overview and Level Annotations

Branches:
Dungeon (14/15)            Temple (1/1) D:4            Lair (2/6) D:8
 Vaults (0/5) D:14
  Swamp: Lair:2-4    Shoals: Lair:2-4     Snake: Lair:2-4    Spider: Lair:2-4
    Orc: D:9-12

Altars:
Ashenzari
Cheibriados
Dithmenos
Elyvilon
Fedhas
Gozag
Hepliaklqana
Kikubaaqudgha
Makhleb
Nemelex Xobeh
Okawaru
Qazlal
Ru
Sif Muna
Trog
Uskayaw
Vehumet
Wu Jian
Xom
Yredelemnul
Zin
The Shining One

Shops:
D:8 =   D:11 *   D:13 :(

Annotations:
D:11 3 runed translucent doors, exclusion: obsidian statue, kmx's ghost, journeyman MfGl


Innate Abilities, Weirdness & Mutations

Your experience applies equally to all skills.
You have very sharp teeth.
Your uncanny sense of smell can sniff out nearby items.
You have large cloven feet.
You are clumsy. (Dex -2)
Your system is resistant to poisons. (rPois)


Message History

You sock the hound! You freeze the hound. You kick the hound.
Your bite misses the hound.
The hound is almost dead.
A white ugly thing comes into view.
The hound barely misses you.
You bludgeon the hound!! You freeze the hound.
You kill the hound! 4 ugly things come into view.
The white ugly thing gurgles horribly! x4
The white ugly thing completely misses you.
There is an open door, spattered with blood here.
Items here: )) [[ ††† You bludgeon the white ugly thing!!
You kick the white ugly thing, but do no damage.
Your bite misses the white ugly thing.
The white ugly thing is moderately wounded.
The white ugly thing pecks you.
* * * LOW HITPOINT WARNING * * *
The white ugly thing freezes you!!
You die...

#...........#
###.......##
#.......#
######.......#####
..................
####.......#####
#.......#
#..)....#
.....≈#@######
≈#≈≈.≈≈u.u.uu..
#≈≈≈.≈≈.###u...
##≈≈.≈≈.#∆ ..
##≈..#.# ##≈.#.#
##.#.# #.#.#


You could see 5 ugly things.

Vanquished Creatures
  3 hydras
  2 centaur warriors
  A death knight (D:13)
  A skeletal warrior (D:14)
  2 unseen horrors
  A wolf spider zombie (D:13)
  A wizard (D:11)
  A necromancer (D:14)
  3 manticores
  2 ugly things
  2 black mambas (Lair:1)
  The ghost of jf82 the Carver, a novice MiMo (D:5)
  A centaur skeleton (D:12)
  3 spiny frogs (Lair:1)
  A kobold demonologist (D:13)
  2 freezing wraiths (D:13)
  A komodo dragon (Lair:1)
  A queen bee (shapeshifter) (D:13)
  4 trolls
  A hornet (D:13)
  3 slime creatures (D:13)
  2 dream sheep (D:13)
  5 hippogriffs
  3 vampires
  A water elemental (D:14)
  2 shadows (D:12)
  Eustachio (D:5)
  2 wraiths
  3 wyverns
  7 yaks
  2 basilisks
  Menkaure (Ossuary)
  Edmund (D:5)
  4 porcupines (Lair:1)
  A soldier ant (shapeshifter) (D:13)
  A water moccasin (Lair:1)
  A black bear (D:12)
  8 orc warriors
  4 ice beasts
  4 ogres
  4 phantoms
  9 centaurs
  2 crocodiles
  An elf zombie (D:4)
  5 big kobolds
  10 bullfrogs
  3 elf skeletons (D:4)
  2 wyvern zombies
  6 howler monkeys
  5 crimson imps
  4 quasits
  4 bullfrog zombies
  9 hounds
  2 jellies
  A human zombie (D:4)
  A gnoll shaman (D:5)
  3 iguanas
  11 orc priests
  4 iron imps
  A human skeleton (D:4)
  Natasha (twice) (D:3)
  10 orc wizards
  6 worker ants
  A killer bee zombie (D:7)
  A hound zombie (D:7)
  3 mummies (Ossuary)
  A hound skeleton (D:8)
  A worker ant zombie (D:7)
  4 gnolls (D:5)
  12 adders
  4 shadow imps
  2 oozes (D:2)
  An adder skeleton (D:6)
  10 leopard geckos
  36 orcs
  5 giant cockroaches
  6 goblins
  5 hobgoblins
  9 jackals
  5 quokkas
  5 ball pythons
  7 bats
  3 frilled lizards
  5 gnoll skeletons (Ossuary)
  2 gnoll zombies (Ossuary)
  8 goblin skeletons (Ossuary)
  3 goblin zombies (Ossuary)
  3 hobgoblin skeletons (Ossuary)
  4 hobgoblin zombies (Ossuary)
  16 kobolds
  2 kobold skeletons (Ossuary)
  2 kobold zombies (Ossuary)
  6 orc skeletons
  13 orc zombies
  A quokka zombie (D:7)
  11 rats
  2 rat skeletons (Ossuary)
  4 rat zombies (Ossuary)
398 creatures vanquished.

Vanquished Creatures (others)
  A rat skeleton (Ossuary)
  3 plants (D:13)
4 creatures vanquished.

Grand Total: 402 creatures vanquished

Notes
Turn   | Place    | Note
-------+----------+-------------------------------------------
     0 | D:1      | jedigorilla the Gnoll Fighter began the quest for the Orb.
     0 | D:1      | Reached XP level 1. HP: 23/23 MP: 1/1
   108 | D:1      | Reached XP level 2. HP: 29/29 MP: 2/2
   364 | D:1      | You fall through a shaft!
   368 | D:2      | Reached XP level 3. HP: 33/35 MP: 3/3
   474 | D:1      | Reached skill level 1 in Invocations
   844 | D:2      | Reached skill level 1 in Short Blades
   844 | D:2      | Reached skill level 1 in Long Blades
   844 | D:2      | Reached skill level 1 in Maces & Flails
   844 | D:2      | Reached skill level 1 in Polearms
   844 | D:2      | Reached skill level 1 in Staves
   844 | D:2      | Reached skill level 1 in Slings
   844 | D:2      | Reached skill level 1 in Bows
   844 | D:2      | Reached skill level 1 in Crossbows
   844 | D:2      | Reached skill level 1 in Throwing
   844 | D:2      | Reached skill level 1 in Dodging
   844 | D:2      | Reached skill level 1 in Stealth
   844 | D:2      | Reached skill level 1 in Unarmed Combat
   844 | D:2      | Reached skill level 1 in Spellcasting
   844 | D:2      | Reached skill level 1 in Evocations
   877 | D:2      | Reached XP level 4. HP: 39/41 MP: 5/5
  1319 | D:2      | Reached skill level 1 in Conjurations
  1319 | D:2      | Reached skill level 1 in Hexes
  1319 | D:2      | Reached skill level 1 in Charms
  1319 | D:2      | Reached skill level 1 in Summonings
  1319 | D:2      | Reached skill level 1 in Necromancy
  1319 | D:2      | Reached skill level 1 in Translocations
  1319 | D:2      | Reached skill level 1 in Transmutations
  1319 | D:2      | Reached skill level 1 in Fire Magic
  1319 | D:2      | Reached skill level 1 in Ice Magic
  1319 | D:2      | Reached skill level 1 in Air Magic
  1319 | D:2      | Reached skill level 1 in Earth Magic
  1319 | D:2      | Reached skill level 1 in Poison Magic
  1723 | D:3      | Noticed Natasha
  1729 | D:3      | Killed Natasha
  1729 | D:3      | Reached XP level 5. HP: 40/47 MP: 5/7
  1750 | D:3      | Noticed Natasha
  1761 | D:3      | Killed Natasha
  1893 | D:3      | You fall through a shaft for 2 floors!
  1893 | D:5      | Entered Level 5 of the Dungeon
  2181 | D:4      | Found a staircase to the Ecumenical Temple.
  2242 | D:4      | Reached XP level 6. HP: 53/53 MP: 8/8
  2470 | D:4      | Reached skill level 5 in Axes
  2537 | D:4      | Found a sand-covered staircase.
  2544 | Ossuary  | Entered an ossuary
  2860 | Ossuary  | Noticed Menkaure
  2862 | Ossuary  | Reached XP level 7. HP: 53/59 MP: 10/10
  2865 | Ossuary  | Killed Menkaure
  2938 | Ossuary  | Gained mutation: You are clumsy. (Dex -2) [potion of
                  | mutation]
  2938 | Ossuary  | Gained mutation: You have large cloven feet. [potion of
                  | mutation]
  2938 | Ossuary  | Gained mutation: Your system is resistant to poisons.
                  | (rPois) [potion of mutation]
  3087 | D:4      | Reached XP level 8. HP: 65/67 MP: 12/12
  3885 | D:5      | Found a hide-covered altar of Uskayaw.
  3885 | D:5      | Found a hazy altar of Hepliaklqana.
  3887 | D:5      | Found a deep blue altar of Sif Muna.
  3987 | Temple   | Entered the Ecumenical Temple
  4098 | Temple   | Became a worshipper of the Shining One
  4218 | D:5      | Noticed Eustachio
  4231 | D:5      | Killed Eustachio
  4247 | D:5      | Noticed Edmund
  4250 | D:5      | Killed Edmund
  4266 | D:5      | Found a large runed translucent door.
  4266 | D:5      | Found a large runed translucent door.
  4267 | D:5      | Noticed jf82's ghost (novice MiMo)
  4324 | D:5      | Killed jf82's ghost
  4738 | D:6      | Reached XP level 9. HP: 72/72 MP: 14/14
  4813 | D:6      | Found a white marble altar of Elyvilon.
  5186 | D:7      | Reached * piety under the Shining One
  5259 | D:7      | Found an ornate altar of the Wu Jian Council.
  5608 | D:7      | Found a blossoming altar of Fedhas.
  5691 | D:7      | Found a snail-covered altar of Cheibriados.
  5818 | D:7      | Found a basalt altar of Yredelemnul.
  5996 | D:8      | Found a sacrificial altar of Ru.
  6088 | D:8      | Reached skill level 5 in Invocations
  6122 | D:8      | Reached ** piety under the Shining One
  6138 | D:8      | Found a staircase to the Lair.
  6175 | D:7      | Reached XP level 10. HP: 24/80 MP: 15/17
  6537 | D:8      | Found a burning altar of Makhleb.
  6627 | D:8      | Reached skill level 5 in Short Blades
  6627 | D:8      | Reached skill level 5 in Long Blades
  6627 | D:8      | Reached skill level 5 in Maces & Flails
  6627 | D:8      | Reached skill level 5 in Polearms
  6627 | D:8      | Reached skill level 5 in Staves
  6627 | D:8      | Reached skill level 5 in Slings
  6627 | D:8      | Reached skill level 5 in Bows
  6627 | D:8      | Reached skill level 5 in Crossbows
  6627 | D:8      | Reached skill level 5 in Throwing
  6627 | D:8      | Reached skill level 5 in Dodging
  6627 | D:8      | Reached skill level 5 in Stealth
  6627 | D:8      | Reached skill level 5 in Unarmed Combat
  6627 | D:8      | Reached skill level 5 in Spellcasting
  6627 | D:8      | Reached skill level 5 in Evocations
  6753 | D:8      | Found Holl's Jewellery Shoppe.
  6869 | D:8      | Found a sparkling altar of Nemelex Xobeh.
  6870 | D:8      | Found an opulent altar of Gozag.
  7351 | Lair:1   | Entered Level 1 of the Lair of Beasts
  7351 | Lair:1   | Noticed a four-headed hydra
  7372 | D:8      | Killed a four-headed hydra
  7584 | Lair:1   | Noticed a spiny frog
  7590 | Lair:1   | Killed a spiny frog
  7673 | Lair:1   | Noticed a spiny frog
  7683 | Lair:1   | Killed a spiny frog
  7737 | Lair:1   | Noticed a black mamba
  7752 | Lair:1   | Killed a black mamba
  7826 | Lair:1   | Noticed a spiny frog
  7842 | Lair:1   | The Shining One protects you from harm!
  7842 | Lair:1   | HP: 4/82 [spiny frog (15)]
  7847 | Lair:1   | Killed a spiny frog
  7847 | Lair:1   | HP: 1/82 [komodo dragon (3)]
  7848 | Lair:1   | Reached XP level 11. HP: 1/87 MP: 15/19
  8892 | D:9      | Got a bloodstained quarterstaff
  8908 | D:9      | Identified the +8 quarterstaff "Anky" {freeze, rElec Dex+4}
                  | (You found it on level 9 of the Dungeon)
  9011 | D:8      | Bought the ring "Weiqucs" {+Inv rN+ AC+1 Str+4} for 414
                  | gold pieces
  9052 | D:9      | Found a glowing silver altar of Zin.
  9147 | D:9      | You fall through a shaft for 2 floors!
  9209 | D:11     | Reached skill level 5 in Conjurations
  9209 | D:11     | Reached skill level 5 in Hexes
  9209 | D:11     | Reached skill level 5 in Charms
  9209 | D:11     | Reached skill level 5 in Summonings
  9209 | D:11     | Reached skill level 5 in Necromancy
  9209 | D:11     | Reached skill level 5 in Translocations
  9209 | D:11     | Reached skill level 5 in Transmutations
  9209 | D:11     | Reached skill level 5 in Fire Magic
  9209 | D:11     | Reached skill level 5 in Ice Magic
  9209 | D:11     | Reached skill level 5 in Air Magic
  9209 | D:11     | Reached skill level 5 in Earth Magic
  9209 | D:11     | Reached skill level 5 in Poison Magic
  9256 | D:11     | Noticed a six-headed hydra
  9265 | D:11     | Killed a six-headed hydra
  9462 | D:11     | Noticed an unseen horror
  9462 | D:11     | Noticed a manticore
  9475 | D:11     | Killed a manticore
  9491 | D:11     | Killed an unseen horror
  9601 | D:11     | Reached *** piety under the Shining One
  9607 | D:11     | Noticed a wizard
  9617 | D:11     | Killed a wizard
  9653 | D:11     | Found a runed translucent gate.
  9653 | D:11     | Found a runed translucent gate.
  9653 | D:11     | Found a runed translucent gate.
  9655 | D:11     | Found an opulent altar of Gozag.
  9655 | D:11     | Noticed a manticore
  9656 | D:11     | Noticed an obsidian statue
  9657 | D:11     | Found Vowugar's Assorted Antiques.
  9660 | D:11     | Noticed a deep elf mage
  9660 | D:11     | Noticed kmx's ghost (journeyman MfGl)
 10204 | D:12     | Noticed a cyan ugly thing
 10216 | D:12     | Killed a cyan ugly thing
 10389 | D:12     | Noticed a centaur warrior
 10395 | D:12     | Killed a centaur warrior
 10395 | D:12     | Reached XP level 12. HP: 75/96 MP: 22/22
 10606 | D:12     | Reached **** piety under the Shining One
 11245 | D:13     | Found Viadghoroth's Book Shop.
 11418 | D:13     | Found Peamutsa's Weapon Shoppe.
 11422 | D:13     | Noticed a centaur warrior
 11445 | D:13     | Killed a centaur warrior
 11706 | D:13     | Noticed a three-headed hydra
 11710 | D:13     | Killed a three-headed hydra
 11710 | D:13     | Reached skill level 10 in Fighting
 11710 | D:13     | Reached skill level 10 in Armour
 11710 | D:13     | Reached skill level 10 in Shields
 11778 | D:13     | Noticed a death knight
 11794 | D:13     | Killed a death knight
 11864 | D:13     | Found a frozen archway.
 11996 | D:13     | Got a distressingly furry robe
 11999 | D:13     | Identified the +2 robe "Cylo Lim" {+Inv rPois Str-2} (You
                  | found it on level 13 of the Dungeon)
 12261 | D:14     | Reached XP level 13. HP: 82/103 MP: 24/24
 12275 | D:14     | Found a gate to the Vaults.
 12481 | D:14     | Mangled by a white ugly thing

Skill      XL: |  1  2  3  4  5  6  7  8  9 10 11 12 |
---------------+-------------------------------------+-----
Invocations    | 1 2 3 4 5 6 7 8 |  8.7
Short Blades   | 1 2 3 4 5 6 7 |  7.9
Long Blades    | 1 2 3 4 5 6 7 |  7.9
Maces & Flails | 1 2 3 4 5 6 7 |  7.9
Polearms       | 1 2 3 4 5 6 7 |  7.9
Staves         | 1 2 3 4 5 6 7 |  7.9
Slings         | 1 2 3 4 5 6 7 |  7.9
Bows           | 1 2 3 4 5 6 7 |  7.9
Crossbows      | 1 2 3 4 5 6 7 |  7.9
Throwing       | 1 2 3 4 5 6 7 |  7.9
Dodging        | 1 2 3 4 5 6 7 |  7.9
Stealth        | 1 2 3 4 5 6 7 |  7.9
Unarmed Combat | 1 2 3 4 5 6 7 |  7.9
Spellcasting   | 1 2 3 4 5 6 7 |  7.9
Evocations     | 1 2 3 4 5 6 7 |  7.9
Conjurations   | 1 2 3 4 5 6 |  6.6
Hexes          | 1 2 3 4 5 6 |  6.6
Charms         | 1 2 3 4 5 6 |  6.6
Summonings     | 1 2 3 4 5 6 |  6.6
Necromancy     | 1 2 3 4 5 6 |  6.6
Translocations | 1 2 3 4 5 6 |  6.6
Transmutations | 1 2 3 4 5 6 |  6.6
Fire Magic     | 1 2 3 4 5 6 |  6.6
Ice Magic      | 1 2 3 4 5 6 |  6.6
Air Magic      | 1 2 3 4 5 6 |  6.6
Earth Magic    | 1 2 3 4 5 6 |  6.6
Poison Magic   | 1 2 3 4 5 6 |  6.6
Axes           | 5 6 7 8 9 |  9.2
Fighting       | 7 8 9 10 | 10.2
Armour         | 7 8 9 10 | 10.2
Shields        | 7 8 9 10 | 10.2

Action                   |  1- 3 |  4- 6 |  7- 9 | 10-12 | 13-15 || total
-------------------------+-------+-------+-------+-------+-------++-------
Melee: War axe           |   108 |   181 |       |       |       ||   289
       Bite              |    13 |    30 |    29 |    70 |    11 ||   153
       Hand axe          |       |    72 |   196 |   107 |       ||   375
       Kick              |       |       |    75 |   198 |    35 ||   308
       Flail             |       |       |    41 |       |       ||    41
       Rapier            |       |       |       |    13 |       ||    13
       Quarterstaff      |       |       |       |   342 |    66 ||   408
Throw: Tomahawk          |       |       |    10 |    24 |       ||    34
Invok: Divine Shield     |       |       |       |     4 |     1 ||     5
       Cleansing Flame   |       |       |       |     3 |       ||     3
Evoke: Lamp of fire      |       |       |       |     2 |       ||     2
  Use: Potion            |       |    10 |     2 |     4 |       ||    16
       Scroll            |       |     7 |    10 |     8 |       ||    25
  Eat: Chunk             |       |     5 |     2 |     4 |       ||    11
       Ration            |       |     1 |     2 |     5 |       ||     8
Armor: Scale mail        |    42 |    86 |    66 |    69 |       ||   263
       Plate armour      |       |       |       |   111 |    26 ||   137
Dodge: Dodged            |    28 |    59 |    73 |   322 |    42 ||   524
Block: Shield            |    61 |   141 |   119 |    89 |       ||   410
       Other             |       |       |       |    12 |     2 ||    14
